 Dungeon Crawl Stone Soup version 0.20.0 (webtiles) character file.

98 aesoa the Skirmisher (level 4, -11/35 HPs)
             Began as an Octopode Monk on June 23, 2017.
             Mangled by Crazy Yiuf
             ... wielding a +2 quarterstaff of chaos
              (13 damage)
             ... on level 4 of the Dungeon.
             The game lasted 00:03:35 (1593 turns).

aesoa the Skirmisher (Octopode Monk)                Turns: 1593, Time: 00:03:35

Health: -11/35     AC:  1    Str: 11    XL:     4   Next: 71%
Magic:  4/4        EV: 14    Int: 12    God:
Gold:   207        SH:  0    Dex: 14    Spells: 3/3 levels left

rFire    . . .     SeeInvis .   a - +0 spear
rCold    . . .     Gourm    .   (no shield)
rNeg     . . .     Faith    .   (helmet restricted)
rPois    .         Spirit   .   (no amulet)
rElec    .         Reflect  .   (no ring)
rCorr    .         Harm     .   (no ring)
MR       .....                  (no ring)
Stlth    +++.......             (no ring)
Regen    0.2/turn               (no ring)
MPRegen  0.1/turn               (no ring)
                                (no ring)
                                (no ring)

@: drained
A: almost no armour, stealthy swim, amphibious, 8 rings, constrict 8, camouflage
1, gelatinous body 1
a: no special abilities


You were on level 4 of the Dungeon.
You were not hungry.

You visited 1 branch of the dungeon, and saw 4 of its levels.

You collected 207 gold pieces.

Inventory:

Hand Weapons
 a - a +0 spear (weapon)
Wands
 q - a wand of disintegration (18/24)
Scrolls
 c - a scroll of teleportation {unknown}
 d - a scroll of fog {unknown}
 e - 4 scrolls of remove curse {unknown}
 h - 3 scrolls of identify {unknown}
 j - 2 scrolls of enchant armour {unknown}
 m - a scroll of magic mapping {unknown}
 p - a scroll of amnesia {unknown}
Potions
 f - a potion of heal wounds {unknown}
 g - 2 potions of brilliance {unknown}
 k - 2 potions of might {unknown}
 n - a potion of agility {unknown}
 r - a potion of cancellation {unknown}
Comestibles
 b - 2 bread rations
 i - 3 royal jellies
 l - a meat ration
 o - 3 chunks of flesh


   Skills:
 + Level 5.2(4.8) Fighting
 - Level 3.0(2.7) Polearms
 - Level 3.1(2.8) Dodging
 - Level 2.6(2.3) Stealth


You had 3 spell levels left.
You didn't know any spells.

Dungeon Overview and Level Annotations

Branches:
Dungeon (4/15)
 Temple: D:4-7

Altars:

Annotations:
D:4 Crazy Yiuf


Innate Abilities, Weirdness & Mutations

You cannot wear most types of armour.
You are very stealthy in the water. (Stealth+)
You are amphibious.
You can wear up to eight rings at the same time.
You can use your tentacles to constrict eight enemies at once.
Your skin changes colour to match your surroundings (Stealth+).
Your rubbery body absorbs attacks. (AC +1, EV +1)


Message History

Crazy Yiuf is moderately wounded.
You constrict Crazy Yiuf, but do no damage.
Crazy Yiuf twirls on the spot.
Crazy Yiuf closely misses you.
You hit Crazy Yiuf but do no damage.
You squeeze Crazy Yiuf, but do no damage.
Crazy Yiuf is moderately wounded.
You constrict Crazy Yiuf, but do no damage.
You hit Crazy Yiuf.
Crazy Yiuf is moderately wounded.
You constrict Crazy Yiuf.
Crazy Yiuf hits you with a quarterstaff of chaos!
You are electrocuted!
* * * LOW HITPOINT WARNING * * *
You hit Crazy Yiuf.
Crazy Yiuf is heavily wounded.
You constrict Crazy Yiuf.
Crazy Yiuf sings, "Trees, trees, trees, circus!"
Crazy Yiuf hits you with a quarterstaff of chaos!
You die...

#.# #.# #.#
#####.##
.......#
.......#
#####
.......#
#..)#
.......#
#.g.#
#####.##
#.@.# #.#
##'##
#####.# ♣♣.♣
......######
♣.♣♣
...........#
♣♣.♣
.........###
♣.♣♣
.........#
♣♣.♣♣
.........#
♣...♣♣
..8...8..###
♣....♣


You could see Crazy Yiuf.

Vanquished Creatures
  A hound (D:4)
  An adder (D:2)
  An ooze (D:3)
  2 dart slugs (D:2)
  A leopard gecko (D:3)
  An orc (D:4)
  6 bats
  7 giant cockroaches
  6 goblins
  5 hobgoblins
  2 jackals (D:3)
  A quokka (D:3)
  2 frilled lizards
  8 kobolds
  4 rats (D:2)
48 creatures vanquished.

Notes
Turn   | Place    | Note
-------+----------+-------------------------------------------
     0 | D:1      | aesoa the Octopode Monk began the quest for the Orb.
     0 | D:1      | Reached XP level 1. HP: 16/16 MP: 1/1
   154 | D:1      | Reached XP level 2. HP: 21/21 MP: 2/2
   591 | D:2      | Reached skill level 4 in Fighting
   591 | D:2      | Reached XP level 3. HP: 26/27 MP: 3/3
  1213 | D:3      | Reached XP level 4. HP: 34/34 MP: 4/4
  1494 | D:4      | Reached skill level 5 in Fighting
  1581 | D:4      | Found a runed door.
  1585 | D:4      | Noticed Crazy Yiuf
  1593 | D:4      | Mangled by Crazy Yiuf

Skill      XL: |  1  2  3  4 |
---------------+-------------+-----
Fighting       | 4 5 |  5.2
Polearms       | |  3.0
Dodging        | |  3.1
Stealth        | |  2.6

Action                   |  1- 3 |  4- 6 || total
-------------------------+-------+-------++-------
Melee: Spear             |   101 |    34 ||   135
       Tentacles         |    11 |     7 ||    18
       Constrict         |    16 |     8 ||    24
 Stab: Sleeping          |    14 |     3 ||    17
       Distracted        |     1 |       ||     1
  Eat: Chunk             |     1 |     1 ||     2
Armor: Skin              |     4 |       ||     4
Dodge: Dodged            |    30 |    13 ||    43
